AoeStats
← DK | murphelele

Arabian Desert

509381540Analyzed
1v1 RM · 6d ago on Sep 26, 2026· 66m 19s· 2 players
Game mode
Random Map
Map size
Tiny (2 player)
Population
200
Speed
Normal
Resources
Standard
Victory
Conquest
Starting age
Dark Age
Ending age
Imperial Age
RankedLock teamsTeams togetherTeam positionsShared explorationLock speedFull tech treeHidden civsTurbo modeCheats
Victory
Defeat
🇩🇰 Varangians · Denmark
1179
+15
🇨🇦 Wei · Canada
1157
-15
Nine Fingered Bandit
6:48 Loom
9:29 Feudal Age
10:56 Double-Bit Axe
13:16 Horse Collar
20:52 Gold Mining
20:52 Stone Mining
23:23 Wheelbarrow
25:57 Castle Age
24:11 Stone Mining
24:46 Bloodlines
25:14 Scale Barding Armor
26:46 Husbandry
27:09 Chain Barding Armor
27:28 Bow Saw
27:23 Heavy Plow
31:22 Town Watch
31:36 Fletching
31:47 Padded Archer Armor
33:12 Leather Archer Armor
32:53 Bodkin Arrow
36:34 Heated Shot
37:07 Ballistics
38:00 Gold Shaft Mining
38:00 Stone Shaft Mining
43:39 Imperial Age
42:22 Hand Cart
42:52 Forging
42:42 Scale Mail Armor
45:41 Parthian Tactics
45:18 Bracer
45:48 Ring Archer Armor
46:30 Chemistry
45:46 Masonry
46:30 Conscription
47:50 Thumb Ring
48:13 Light Cavalry
50:57 Ming Guang Armor
55:39 Hussar
58:38 Iron Casting
57:41 Elite Skirmisher
61:17 Tuntian
62:37 Hoardings
62:20 Murder Holes
DK | murphelele
9:00 Feudal Age
7:54 Loom
9:57 Double-Bit Axe
15:31 Scale Barding Armor
22:10 Castle Age
20:10 Horse Collar
20:59 Fletching
21:27 Padded Archer Armor
21:58 Bloodlines
21:50 Padded Archer Armor
24:39 Bow Saw
24:30 Heavy Plow
24:30 Gold Mining
25:49 Wheelbarrow
25:57 Bodkin Arrow
27:44 Leather Archer Armor
28:10 Husbandry
28:55 Scale Mail Armor
29:06 Forging
30:08 Chain Barding Armor
34:09 Hand Cart
36:55 Imperial Age
37:04 Imperial Age
34:22 Pikeman
35:02 Squires
34:48 Gambesons
35:42 Masonry
36:36 Ballistics
37:51 Bracer
38:53 Chemistry
40:09 Plate Barding Armor
41:29 Ring Archer Armor
41:35 Iron Casting
41:48 Elite Skirmisher
42:24 Heavy Mounted Crossbowman
43:37 Architecture
43:13 Siege Engineers
43:04 Stone Mining
44:45 Blast Furnace
44:08 Conscription
44:55 Town Watch
45:15 Cranequins
45:26 Cranequins
49:56 Blast Furnace
49:30 Chain Mail Armor
50:27 Murder Holes
50:47 Elite Varangian Guard
54:51 Plate Mail Armor
54:22 Elite Skirmisher
55:39 Treadmill Crane
55:53 Gothikon
57:02 Gambesons
63:55 Capped Ram
65:40 Siege Ram
Connection lost

Rejoining the realm…

Still unreachable

The connection could not be restored.

Session expired

The server has moved on; the page needs a fresh start.